 Dungeon Crawl Stone Soup version 0.21-a0-122-g43b3ea6 (webtiles) character file.

7588 HAL9000 the Grappler (level 10, -9/81 HPs)
             Began as a Pale Draconian Transmuter on July 13, 2017.
             Was a Believer of Kikubaaqudgha.
             Splashed by a jelly's acid (11 damage)
             ... on level 10 of the Dungeon.
             The game lasted 00:32:03 (13217 turns).

HAL9000 the Grappler (Pale Draconian Transmuter)   Turns: 13217, Time: 00:32:04

Health: -9/81      AC:  8    Str: 17    XL:     10   Next: 97%
Magic:  13/18      EV: 14    Int: 15    God:    Kikubaaqudgha [**....]
Gold:   476        SH:  3    Dex: 14    Spells: 3/19 levels left

rFire    . . .     SeeInvis .     - Unarmed
rCold    + . .     Gourm    .   (shield currently unavailable)
rNeg     . . .     Faith    .   (armour unavailable)
rPois    .         Spirit   .   (helmet restricted)
rElec    .         Reflect  +   F - +0 cloak of Bedwerch {MR+ Str+3 Dex+2}
rCorr    .         Harm     .   (gloves currently unavailable)
MR       ++...                  (no boots)
Stlth    +.........             O - +3 amulet of reflection
HPRegen  0.23/turn              u - ring of protection from cold
MPRegen  0.16/turn              V - ring of protection from magic

@: about to teleport, blade hands
A: breathe steam, unfitting armour, cold-blooded, AC +7
a: Breathe Steam, End Transformation, Receive Corpses, Renounce Religion


You were on level 10 of the Dungeon.
You worshipped Kikubaaqudgha.
Kikubaaqudgha was pleased with you.
You were not hungry.
You had blades for hands.
You visited 2 branches of the dungeon, and saw 11 of its levels.
You also visited: Ossuary.

You collected 476 gold pieces.

Inventory:

Missiles
 a - 146 arrows
 M - 11 tomahawks (quivered)
Armour
 y - a +0 pair of gloves (melded)
 F - the +0 cloak of Bedwerch (worn) {MR+ Str+3 Dex+2}
   (You found it on level 5 of the Dungeon)

   It affects your strength (+3).
   It affects your dexterity (+2).
   It affects your resistance to hostile enchantments.
Jewellery
 u - a ring of protection from cold (left scythe-like blade)
 O - a +3 amulet of reflection (around neck)
 V - a ring of protection from magic (right scythe-like blade)
Wands
 G - a wand of lightning (4/15)
 J - a wand of random effects (21/48)
 P - a wand of paralysis (7/24)
 T - a wand of digging (14/24)
 Y - a wand of confusion (30/48)
Scrolls
 g - 9 scrolls of remove curse
 q - 2 scrolls of fog
 v - 2 scrolls of fear {unknown}
 C - a scroll of recharging {unknown}
 K - 2 scrolls of magic mapping {unknown}
 U - 2 scrolls of identify
 W - a scroll of blinking {unknown}
 Z - a scroll of enchant armour {unknown}
Potions
 i - 3 potions of curing
 j - 5 potions of heal wounds
 n - 2 potions of might
 s - 3 potions of lignification
 x - a potion of brilliance
 I - 5 potions of flight
 S - a potion of invisibility
Books
 b - a book of Changes

   Spells                             Type                      Level
   a - Beastly Appendage              Transmutation                1
   b - Sticks to Snakes               Transmutation                2
   c - Spider Form                    Transmutation/Poison         3
   d - Ice Form                       Ice/Transmutation            4
   e - Blade Hands                    Transmutation                5
 E - a book of Geomancy

   Spells                             Type                      Level
   a - Sandblast                      Earth                        1
   b - Passwall                       Transmutation/Earth          2
   c - Stone Arrow                    Conjuration/Earth            3
   d - Petrify                        Transmutation/Earth          4
   e - Lee's Rapid Deconstruction     Earth                        5
 H - a book of Misfortune

   Spells                             Type                      Level
   a - Confusing Touch                Hexes                        1
   b - Confuse                        Hexes                        3
   c - Gell's Gravitas                Translocation                3
   d - Petrify                        Transmutation/Earth          4
   e - Metabolic Englaciation         Hexes/Ice                    5
   f - Yara's Violent Unravelling     Hexes/Transmutation          5
 R - Kikubaaqudgha's Grimoire of Sinister Arts {god gift}
   (Kikubaaqudgha gifted it to you on level 6 of the Dungeon)

   Spells                             Type                      Level
   a - Pain                           Necromancy                   1
   b - Corpse Rot                     Necromancy                   2
   c - Sublimation of Blood           Necromancy                   2
   d - Regeneration                   Charms/Necromancy            3
   e - Control Undead                 Necromancy                   4
Comestibles
 c - 10 bread rations
 f - 3 meat rations
 Q - 4 royal jellies
 X - 3 fruits


   Skills:
 - Level 5.2 Fighting
 + Level 3.9 Dodging
 + Level 10.4 Unarmed Combat
 + Level 5.4 Spellcasting
 + Level 3.3 Charms
 + Level 3.7 Necromancy
 - Level 9.6 Transmutations


You had 3 spell levels left.
You knew the following spells:

 Your Spells              Type           Power        Failure   Level  Hunger
a - Beastly Appendage     Tmut           ####..       10%         1    None
b - Sticks to Snakes      Tmut           ####....     11%         2    #......
c - Spider Form           Tmut/Pois      ###.......   36%         3    ###....
d - Blade Hands           Tmut           ####......   43%         5    ######.
e - Sublimation of Blood  Necr           ###.......   34%         2    #......
R - Regeneration          Chrm/Necr      ##........   47%         3    ###....


Dungeon Overview and Level Annotations

Branches:
Dungeon (10/15)            Temple (1/1) D:5
   Lair: D:8-11         Orc: D:9-12

Altars:
Ashenzari
Cheibriados
Dithmenos
Elyvilon
Fedhas
Gozag
Hepliaklqana
Kikubaaqudgha
Makhleb
Nemelex Xobeh
Okawaru
Qazlal
Ru
Sif Muna
Trog
Uskayaw
Vehumet
Wu Jian
Xom
Yredelemnul
Zin
The Shining One


Innate Abilities, Weirdness & Mutations

You can breathe blasts of scalding, opaque steam.
Your pale cyan-grey scales are hard. (AC +7)
You cannot fit into any form of body armour.
You are cold-blooded and may be slowed by cold attacks.


Message History

You hear a twanging sound.
An arrow appears from out of thin air!
The arrow hits you. The troll bites you but does no damage.
The troll misses you. The troll closely misses you.
The jelly completely misses you.
You hear a twanging sound.
An arrow appears from out of thin air!
The arrow hits you!
* * * LOW HITPOINT WARNING * * *
You slash the troll!
The troll is severely wounded.
The troll completely misses you. The troll claws you but does no damage.
The troll claws you!
* * * LOW HITPOINT WARNING * * *
You hear a twanging sound.
An arrow appears from out of thin air!
The arrow hits you.
* * * LOW HITPOINT WARNING * * *
The jelly hits you.
* * * LOW HITPOINT WARNING * * *
You are splashed with acid!
The acid burns!
You die...
Kikubaaqudgha rasps: "You have failed me!
Welcome... death!"

............#
............#
#..........#
#.....?....#
#..........#
#..........###+##.
#.........{.......
#.....TJ..........
#.....@...........
#....(..(..†......
####..............
#..............
#....##########
#....# ######


You could see a troll and a jelly.

Vanquished Creatures
  A two-headed ogre (D:9)
  Pikel (D:8)
  The ghost of grindst0ne the Covert, a novice SpEn (D:6)
  Joseph (D:8)
  An ugly thing (D:6)
  Grinder (D:6)
  A hippogriff (D:9)
  A spriggan (D:8)
  5 yaks (D:9)
  A hungry ghost (D:7)
  Menkaure (D:5)
  Duvessa (D:6)
  3 orc warriors
  3 ice beasts
  2 slaves (D:8)
  2 black bears
  A phantom (D:5)
  4 ogres
  5 centaurs
  A big kobold (D:8)
  A bullfrog (D:7)
  Dowan (D:6)
  2 scorpions
  6 killer bees (D:7)
  2 howler monkeys
  2 centaur zombies (Ossuary)
  A quasit (D:8)
  4 crimson imps
  8 hounds
  5 orc priests
  A jelly (D:5)
  An iguana (D:8)
  A centaur skeleton (D:4)
  8 orc wizards
  8 worker ants
  A hound zombie (D:5)
  A hound skeleton (D:5)
  6 mummies (Ossuary)
  A worker ant zombie (D:5)
  4 gnolls (D:7)
  13 adders
  4 shadow imps
  5 worms
  A dart slug (D:3)
  10 leopard geckos
  28 orcs
  7 giant cockroaches
  6 goblins
  6 hobgoblins
  12 jackals
  14 kobolds
  3 quokkas
  9 bats
  3 frilled lizards
  A gnoll zombie (Ossuary)
  3 goblin zombies (Ossuary)
  2 hobgoblin zombies (Ossuary)
  A jackal skeleton (D:4)
  A jackal zombie (D:7)
  12 rats
242 creatures vanquished.

Vanquished Creatures (collateral kills)
  The ghost of HAL9000 the Ruffian, an amateur DrTm of Kikubaaqudgha (D:5)
  An adder (D:5)
  A leopard gecko (D:8)
  3 jackals (D:9)
6 creatures vanquished.

Vanquished Creatures (others)
  A jackal (D:9)
  A kobold (D:8)
2 creatures vanquished.

Grand Total: 250 creatures vanquished

Notes
Turn   | Place    | Note
-------+----------+-------------------------------------------
     0 | D:1      | HAL9000 the Draconian Transmuter began the quest for the Orb.
     0 | D:1      | Reached XP level 1. HP: 16/16 MP: 3/3
   158 | D:1      | Reached XP level 2. HP: 21/23 MP: 5/5
   757 | D:1      | Reached XP level 3. HP: 17/28 MP: 4/6
  1074 | D:2      | Learned a level 2 spell: Sticks to Snakes
  1078 | D:2      | Learned a level 3 spell: Spider Form
  1556 | D:2      | Reached XP level 4. HP: 33/35 MP: 2/7
  1785 | D:2      | Found a faded altar of an unknown god.
  1928 | D:2      | Reached skill level 4 in Unarmed Combat
  2459 | D:3      | Reached XP level 5. HP: 24/40 MP: 5/8
  3384 | D:3      | Found a hazy altar of Hepliaklqana.
  3676 | D:3      | Found a burning altar of Makhleb.
  3855 | D:4      | Reached skill level 5 in Transmutations
  3899 | D:4      | Found a snail-covered altar of Cheibriados.
  3917 | D:4      | Noticed a centaur
  3939 | D:4      | Reached XP level 6. HP: 34/47 MP: 5/9
  3945 | D:4      | Reached skill level 5 in Unarmed Combat
  4429 | D:4      | Found a burning altar of Makhleb.
  4588 | D:5      | Entered Level 5 of the Dungeon
  4603 | D:5      | Got a fine cloak
  4628 | D:5      | Identified the +0 cloak of Bedwerch {MR+ Str+3 Dex+2} (You found it on level 5 of the Dungeon)
  4664 | D:5      | Your scales start taking on a pale cyan-grey colour.
  4664 | D:5      | Reached XP level 7. HP: 28/52 MP: 6/10
  4680 | D:5      | Reached skill level 6 in Unarmed Combat
  4815 | D:5      | Noticed HAL9000's ghost (amateur DrTm)
  4816 | D:5      | Found a sand-covered staircase.
  4825 | Ossuary  | Entered an ossuary
  5417 | D:5      | Killed HAL9000's ghost
  5710 | D:5      | Noticed Menkaure
  6032 | D:5      | Reached XP level 8. HP: 45/63 MP: 7/11
  6929 | D:5      | Reached skill level 7 in Unarmed Combat
  6963 | D:5      | Learned a level 5 spell: Blade Hands
  6971 | D:5      | Killed Menkaure
  7179 | D:5      | Found a staircase to the Ecumenical Temple.
  7207 | Temple   | Entered the Ecumenical Temple
  7463 | Temple   | Became a worshipper of Kikubaaqudgha
  7665 | D:6      | Noticed grindst0ne's ghost (novice SpEn)
  7675 | D:6      | Killed grindst0ne's ghost
  7675 | D:6      | Reached skill level 5 in Fighting
  7695 | D:6      | Found a sparkling altar of Nemelex Xobeh.
  7727 | D:6      | Noticed a red ugly thing
  7732 | D:6      | Killed a red ugly thing
  7732 | D:6      | Reached skill level 8 in Unarmed Combat
  7732 | D:6      | Reached XP level 9. HP: 42/74 MP: 6/12
  8362 | D:6      | Noticed Dowan
  8364 | D:6      | Noticed Duvessa
  8375 | D:6      | Killed Duvessa
  8375 | D:6      | Reached * piety under Kikubaaqudgha
  8375 | D:6      | Identified Kikubaaqudgha's Grimoire of Sinister Arts {god gift} (Kikubaaqudgha gifted it to you on level 6 of the Dungeon)
  8375 | D:6      | Received a gift from Kikubaaqudgha
  8387 | D:6      | Killed Dowan
  8396 | D:6      | Noticed Grinder
  8406 | D:6      | Killed Grinder
  8406 | D:6      | Reached skill level 9 in Unarmed Combat
  8903 | D:7      | Found a sacrificial altar of Ru.
  9828 | D:7      | Reached XP level 10. HP: 68/81 MP: 9/15
  9875 | D:7      | Learned a level 2 spell: Sublimation of Blood
  9879 | D:7      | Learned a level 3 spell: Regeneration
 10235 | D:7      | Found a basalt altar of Yredelemnul.
 10264 | D:7      | Reached skill level 1 in Necromancy
 10644 | D:8      | Reached skill level 1 in Charms
 10984 | D:8      | Noticed Joseph
 10985 | D:8      | Noticed Pikel
 11049 | D:8      | Killed Pikel
 11054 | D:8      | Killed Joseph
 11054 | D:8      | Reached skill level 10 in Unarmed Combat
 11216 | D:8      | Found a shattered altar of Ashenzari.
 11218 | D:8      | Found a white marble altar of Elyvilon.
 11222 | D:8      | Found a blossoming altar of Fedhas.
 11265 | D:8      | Found a shimmering altar of Xom.
 11886 | D:9      | Reached ** piety under Kikubaaqudgha
 11918 | D:9      | Noticed a two-headed ogre
 11957 | D:9      | Reached skill level 5 in Spellcasting
 12634 | D:9      | Killed a two-headed ogre
 13189 | D:10     | Entered Level 10 of the Dungeon
 13217 | D:10     | HP: 3/81 [something (5)]
 13217 | D:10     | Splashed by a jelly's acid

Vault maps used:
D:1:      lemuel_arrival_river_ford, grunt_decor_resistance,
          minmay_misc_feat_pillars
D:2:      first_bread, chequers_ecumenical_altar_simple,
          grunt_decor_mini_mirrors
D:3:      lemuel_doored_altar, lemuel_coloured_pillars_altar
D:4:      cheibriados_altar_1, bloody_makhleb
D:5:      minmay_temple_entry_enclosed_plants,
          lightli_ossuary_entry_decrepit_ruins, uniq_menkaure
D:6:      overflow_temple_1_default, minmay_liquid_box, uniq_duvessa,
          uniq_grinder
D:7:      marbit_many_paths, basic_altar
D:8:      xom_teletrap_fun, minitemple, the_bakery, uniq_pikel, uniq_joseph
D:10:     grunt_lair_entry_orc_guard_hut, orc_0_dummy
Temple:   oiseaux_autumnal_temple
Ossuary:  ossuary_crypta

Skill      XL: |  1  2  3  4  5  6  7  8  9 10 |
---------------+-------------------------------+-----
Transmutations | 3 4 5 6 8 9 |  9.6
Unarmed Combat | 4 5 6 8 9 10 | 10.4
Fighting       | 3 5 |  5.2
Spellcasting   | 3 5 |  5.4
Necromancy     | 3 |  3.7
Dodging        | 3 |  3.9
Charms         | 3 |  3.3

Action                   |  1- 3 |  4- 6 |  7- 9 | 10-12 || total
-------------------------+-------+-------+-------+-------++-------
Melee: Unarmed           |   130 |   286 |   277 |   169 ||   862
       Tailslap          |    13 |    14 |    25 |    22 ||    74
       Punch             |     3 |     3 |     8 |    10 ||    24
       Headbutt          |     5 |     3 |       |       ||     8
       Kick              |     1 |     1 |       |       ||     2
 Cast: Beastly Appendage |    14 |     2 |       |       ||    16
       Sticks to Snakes  |     3 |       |    13 |    13 ||    29
       Spider Form       |       |    12 |     4 |       ||    16
       Blade Hands       |       |       |    11 |    16 ||    27
       Regeneration      |       |       |       |     1 ||     1
 Abil: End Transformatio |       |     7 |     4 |    13 ||    24
       Breathe Steam     |       |       |    11 |     4 ||    15
  Use: Potion            |       |     1 |     2 |       ||     3
       Scroll            |       |       |    23 |     3 ||    26
 Stab: Sleeping          |       |     1 |     1 |       ||     2
       Distracted        |       |       |     1 |       ||     1
  Eat: Chunk             |     2 |    12 |    16 |    17 ||    47
       Fruit             |       |       |     5 |     1 ||     6
       Royal jelly       |       |       |     2 |       ||     2
Armor: Skin              |    44 |    89 |    73 |    50 ||   256
Dodge: Dodged            |    96 |   216 |   179 |   112 ||   603
Block: Other             |       |       |     3 |    29 ||    32
       Reflection        |       |       |       |     3 ||     3
